 Dungeon Crawl Stone Soup version 0.22-a0-812-g4c1e2d5471 (console) character file.

448 Lexodia the Gusty (level 7, -1/36 HPs)
             Began as a Tengu Air Elementalist on July 23, 2018.
             Slain by an iguana (10 damage)
             ... on level 5 of the Dungeon.
             The game lasted 00:19:54 (3384 turns).

Lexodia the Gusty (Tengu Air Elementalist)          Turns: 3384, Time: 00:19:55

Health: -1/36      AC:  3    Str:  9    XL:     7   Next: 3%
Magic:  7/12       EV: 12    Int: 17    God:
Gold:   143        SH:  0    Dex: 14    Spells: 6/12 levels left

rFire    . . .     SeeInvis .   o - +0 whip (elec)
rCold    . . .     Gourm    .   (no shield)
rNeg     . . .     Faith    .   a - +0 robe
rPois    .         Spirit   .   (helmet restricted)
rElec    .         Reflect  .   (no cloak)
rCorr    .         Harm     .   b - +0 pair of gloves
MR       .....                  (boots unavailable)
Stlth    ++........             (no amulet)
HPRegen  0.12/turn              (no ring)
MPRegen  0.13/turn              (no ring)

@: lethally poisoned (-1 -> -3)
A: beak, talons 3, able to fly 1
a: Fly


You were on level 5 of the Dungeon.
You were not hungry.

You visited 1 branch of the dungeon, and saw 5 of its levels.

You collected 143 gold pieces.

Inventory:

Hand Weapons
 i - a +2 dagger of freezing
 j - a +3 dagger
 o - a +0 whip of electrocution (weapon)
Armour
 a - a +0 robe (worn)
 b - a +0 pair of gloves (worn)
Jewellery
 p - an uncursed ring of ice
Scrolls
 e - a scroll of immolation {unknown}
 g - 2 scrolls of remove curse {unknown}
 h - 3 scrolls of identify {unknown}
 l - 2 scrolls of blinking {unknown}
 m - a scroll of amnesia {unknown}
Potions
 d - a potion of degeneration {unknown}
 f - a potion of curing {unknown}
 k - 2 potions of agility {unknown}
 n - a potion of haste
Comestibles
 c - 7 rations


   Skills:
 - Level 2.1 Dodging
 - Level 2.0 Stealth
 - Level 3.0 Spellcasting
 + Level 6.7 Conjurations
 + Level 6.8 Air Magic


You had 6 spell levels left.
You knew the following spells:

 Your Spells              Type           Power        Failure   Level  Hunger
a - Shock                 Conj/Air       ####         1%          1    None
b - Swiftness             Chrm/Air       ##......     7%          2    ##.....
c - Static Discharge      Conj/Air       ####....     3%          3    ###....

Your spell library contained the following spells:

 Spells                   Type           Power        Failure   Level  Hunger
 Lightning Bolt           Conj/Air       ####......   30%         5    ######.
 Slow                     Hex            #.......     26%         2    ##.....
 Airstrike                Air            ####......   11%         4    ####...


Dungeon Overview and Level Annotations

Branches:
Dungeon (4/15)
 Temple: D:4-7

Altars:
Elyvilon


Innate Abilities, Weirdness & Mutations

You have a beak for a mouth.
You have claws for feet.
You can fly.


Message History

Confirm with . or Enter, or press ? or * to list all spells.
Aiming: Shock (safe; 1% risk of failure)
Press: ? - help, Shift-Dir - straight line The zap hits the iguana.
The iguana is moderately wounded.
The zap hits the iguana.
The iguana is heavily wounded.
You feel sick. The iguana bites you.
* * * LOW HITPOINT WARNING * * *
Huge Dmg: -14%(-5hp) hp: 25%(9hp)
Casting: Shock (safe; 1% risk of failure)
Confirm with . or Enter, or press ? or * to list all spells.
Aiming: Shock (safe; 1% risk of failure)
Press: ? - help, Shift-Dir - straight line The zap hits the iguana.
The iguana is severely wounded.
The zap hits the iguana.
The iguana is almost dead.
The iguana bites you!
You die...

..(.............[.
.................#
.................
.............# ##
#...........# ########...
#........†..####...#......
#..%...........#...#.....
#..............#........#
####..###@.....#.....%..##
#..'.l...........#.....
#..####........###.....
.##..# #........###.....
...>#..# #####............
...##... ###..........
..8##... ............%.
8## #... ...............
#.. .....#......../


You could see an iguana.

Vanquished Creatures
  Blork the orc (D:4)
  2 orc priests (D:3)
  Jessica (D:2)
  Terence (D:2)
  2 orc wizards (D:3)
  2 worker ants
  Robin (D:3)
  6 adders
  2 worms (D:3)
  2 dart slugs
  2 leopard geckos
  8 orcs (D:3)
  3 giant cockroaches (D:1)
  17 goblins
  10 hobgoblins
  10 jackals
  3 quokkas (D:2)
  A ball python (D:5)
  8 bats
  4 frilled lizards
  2 kobolds
  12 rats
100 creatures vanquished.

Notes
Turn   | Place    | Note
-------+----------+-------------------------------------------
     0 | D:1      | Lexodia the Tengu Air Elementalist began the quest for the Orb.
     0 | D:1      | Reached XP level 1. HP: 10/10 MP: 4/4
   217 | D:1      | Reached XP level 2. HP: 15/15 MP: 1/6
   465 | D:1      | Learned a level 2 spell: Swiftness
   636 | D:1      | Reached XP level 3. HP: 19/19 MP: 2/7
  1169 | D:2      | Huge Dmg: 4 dmg
  1179 | D:2      | Huge Dmg: 4 dmg
  1184 | D:2      | Huge Dmg: 3 dmg
  1199 | D:2      | Huge Dmg: 1 dmg
  1205 | D:2      | Huge Dmg: 1 dmg
  1211 | D:2      | Huge Dmg: 1 dmg
  1217 | D:2      | Huge Dmg: 1 dmg
  1558 | D:2      | Found a white marble altar of Elyvilon.
  1586 | D:2      | Reached XP level 4. HP: 24/24 MP: 4/8
  1869 | D:2      | Noticed Terence
  1878 | D:2      | Huge Dmg: 5 dmg
  1878 | D:2      | Killed Terence
  2148 | D:2      | Noticed Jessica
  2160 | D:2      | Killed Jessica
  2160 | D:2      | Reached skill level 5 in Air Magic
  2160 | D:2      | Gained mutation: You can fly. [Tengu growth]
  2160 | D:2      | Reached XP level 5. HP: 28/28 MP: 5/10
  2167 | D:2      | Identified Jessica's Papyrus of Curses
  2173 | D:2      | Learned a level 3 spell: Static Discharge
  2356 | D:3      | Reached skill level 5 in Conjurations
  2428 | D:3      | Noticed Robin
  2442 | D:3      | Killed Robin
  2520 | D:3      | Huge Dmg: 7 dmg
  2523 | D:3      | Huge Dmg: 13 dmg
  2529 | D:3      | Reached XP level 6. HP: 10/32 MP: 0/11
  3146 | D:3      | Huge Dmg: 10 dmg
  3252 | D:4      | Noticed Blork the orc
  3265 | D:4      | Huge Dmg: 11 dmg
  3265 | D:4      | Killed Blork the orc
  3354 | D:4      | You fall through a shaft!
  3354 | D:5      | Entered Level 5 of the Dungeon
  3373 | D:5      | Reached XP level 7. HP: 29/36 MP: 8/12
  3375 | D:5      | Huge Dmg: 11 dmg
  3384 | D:5      | Huge Dmg: 5 dmg
  3384 | D:5      | Slain by an iguana

Vault maps used:
D:1:      dpeg_arrival_court
D:2:      elyvilon_altar_4, kennysheep_jessica_study, uniq_terence
D:3:      cheibrodos_pilgrimage, uniq_robin
D:4:      makhleb_blood_cavern_becter, uniq_blork_the_orc
D:5:      lemuel_doored_altar, nicolae_overflow_hidden_temple, first_ration,
          uniq_crazy_yiuf_cottage

Skill      XL: |  1  2  3  4  5  6 |
---------------+-------------------+-----
Conjurations   | 2 3 4 5 6 |  6.7
Air Magic      | 5 6 |  6.8
Spellcasting   | 3 |  3.0
Dodging        | |  2.1
Stealth        | |  2.0

Action                   |  1- 3 |  4- 6 |  7- 9 || total
-------------------------+-------+-------+-------++-------
Melee: Unarmed           |    21 |     4 |       ||    25
       Kick              |     8 |     7 |       ||    15
       Peck              |     3 |       |       ||     3
       Dagger            |       |     6 |       ||     6
       Whip              |       |     5 |       ||     5
 Cast: Shock             |    50 |   108 |     3 ||   161
  Use: Potion            |     2 |       |       ||     2
 Stab: Sleeping          |     1 |       |       ||     1
       Distracted        |     1 |       |       ||     1
  Eat: Chunk             |     2 |     6 |       ||     8
Armor: Robe              |     9 |     9 |       ||    18
Dodge: Dodged            |    27 |    30 |     2 ||    59

Table legend:
 A = Spawn XP
 B = Non-spawn XP
 C = Spawn XP percentage of total XP
 D = Spawn monster count
 E = Non-spawn monster count
 F = Spawn count percentage of total count
 G = Total turns spent on level
                    A         B        C        D         E        F      G
               +---------+---------+-------+---------+---------+-------+---------
         Total |       0 |     640 |   0.0 |       0 |     100 |   0.0 |  3384
               +---------+---------+-------+---------+---------+-------+---------
           D:1 |       0 |      37 |   0.0 |       0 |      22 |   0.0 |  1001
           D:2 |       0 |     164 |   0.0 |       0 |      27 |   0.0 |  1475
           D:3 |       0 |     270 |   0.0 |       0 |      46 |   0.0 |   751
           D:4 |       0 |     136 |   0.0 |       0 |       3 |   0.0 |   127
           D:5 |       0 |      33 |   0.0 |       0 |       2 |   0.0 |    30
               +---------+---------+-------+---------+---------+-------+---------
